 Dungeon Crawl Stone Soup version 0.22-a0-377-g846bec1 (console) character file.

80356 Duffy the Thaumaturge (level 15, 5/138 HPs)
             Began as a Naga Fire Elementalist on Apr 27, 2018.
             Was a High Priest of Vehumet.
             Quit the game on level 2 of the Orcish Mines.
             The game lasted 01:00:32 (37168 turns).

Duffy the Thaumaturge (Naga Fire Elementalist)     Turns: 37168, Time: 01:00:33

Health: 5/138      AC:  9    Str: 12    XL:     15   Next: 66%
Magic:  2/31       EV: 12    Int: 21    God:    Vehumet [*****.]
Gold:   2268       SH: 10    Dex: 11    Spells: 11/38 levels left

rFire    + + +     SeeInvis +   A - staff of fire
rCold    + + .     Gourm    +   b - +0 shield
rNeg     . . .     Faith    .   L - +1 robe {rC+ rF+}
rPois    +         Spirit   .   E - +0 helmet
rElec    .         Reflect  .   w - +2 cloak
rCorr    .         Harm     .   a - +1 pair of gloves
MR       .....                  t - +0 naga barding {Stlth+}
Stlth    +++.......             o - amulet of the gourmand
HPRegen  0.33/turn              F - ring of protection from fire
MPRegen  0.22/turn              G - ring of protection from cold

@: vulnerable, corroded, very slightly contaminated, very slow
A: large, see invisible, deformed body, poison resistance, slowness 2, slow
metabolism 1, spit poison 1, constrict 1, AC +5
a: Spit Poison, Renounce Religion


You were on level 2 of the Orcish Mines.
You worshipped Vehumet.
Vehumet was extremely pleased with you.
You were very full.

You visited 4 branches of the dungeon, and saw 22 of its levels.
You also visited: Ice Cave and Volcano.

You collected 2415 gold pieces.
You spent 147 gold pieces at shops.

Inventory:

Hand Weapons
 i - the +8 whip "Snakebite" {curare, rPois}
   (You found it on level 4 of the Lair of Beasts)

   It poisons the flesh of those it strikes.
   It protects you from poison.
 H - the +3 war axe "Mulimi" {distort, +Fly rF+ Int+4 Dex-5}
   (You found it on level 9 of the Dungeon)

   It warps and distorts space around it.
   Unwielding it can cause banishment or high damage.
   It affects your intelligence (+4).
   It affects your dexterity (-5).
   It protects you from fire.
   It lets you fly.
 R - a +2 blowgun
Missiles
 S - 5 curare-tipped needles
Armour
 a - a +1 pair of gloves (worn)
 b - a +0 shield (worn)
 t - a +0 naga barding of stealth (worn)
 w - a +2 cloak (worn)
 C - a +0 large shield
 E - a +0 helmet (worn)
 L - a +1 robe of resistance (worn)
 U - a +1 robe of magic resistance
Magical Staves
 A - an uncursed staff of fire (weapon)
Jewellery
 j - an uncursed ring of protection from cold
 o - an amulet of the gourmand (around neck)
 q - an uncursed ring of flight
 F - a ring of protection from fire (left hand)
 G - a ring of protection from cold (right hand)
 K - the ring "Poulu" {Ice Slay+3}
   (You found it in an ice cave)

   [ring of ice]

   It enhances your ice magic.
   It affects your accuracy and damage with ranged weapons and melee attacks
   (+3).
   It makes you vulnerable to fire.
   It protects you from cold.
 O - the macabre finger necklace {rN+}
   (You found it in an ice cave)

   [amulet of nothing]

   It protects you from negative energy.
Wands
 e - a wand of digging (10)
 h - a wand of polymorph (9)
 r - a wand of iceblast (22)
 s - a wand of flame (8)
 y - a wand of enslavement (13)
 P - a wand of random effects (28)
Scrolls
 g - 3 scrolls of identify
 m - 10 scrolls of remove curse
 n - 4 scrolls of fog
 z - 4 scrolls of fear
 B - 2 scrolls of amnesia
 Q - 3 scrolls of vulnerability
 T - a scroll of magic mapping
Potions
 d - 2 potions of ambrosia
 f - 9 potions of curing
 k - 2 potions of magic
 l - a potion of invisibility
 p - a potion of heal wounds
 u - 4 potions of haste
 v - 4 potions of resistance
 x - 2 potions of cancellation
 J - a potion of agility
 N - 3 potions of flight
Comestibles
 c - 22 rations


   Skills:
 - Level 10.0 Fighting
 - Level 9.2 Dodging
 - Level 3.0 Stealth
 - Level 9.0 Shields
 + Level 12.3 Spellcasting
 - Level 10.1 Conjurations
 - Level 3.0 Summonings
 - Level 3.0 Translocations
 - Level 10.1 Fire Magic
 + Level 4.8 Poison Magic
 - Level 6.0 Evocations


You had 11 spell levels left.
You knew the following spells:

 Your Spells              Type           Power        Failure   Level  Hunger
a - Throw Flame           Conj/Fire      ######       1%          2    None
b - Flame Tongue          Conj/Fire      #####        1%          1    None
g - Iskenderun's Mystic   Conj           ######..     1%          4    None
h - Poison Arrow          Conj/Pois      #####.....   11%         6    #####..
j - Sticky Flame          Conj/Fire      ######..     1%          4    None
k - Fireball              Conj/Fire      ######....   1%          5    ####...
l - Conjure Flame         Conj/Fire      ######..     1%          3    None
t - Summon Butterflies    Summ           ####....     1%          1    None
u - Apportation           Tloc           ####..       1%          1    None


Dungeon Overview and Level Annotations

Branches:
Dungeon (13/15)            Temple (1/1) D:4            Lair (6/6) D:10
 Shoals (0/4) Lair:2        Snake (0/4) Lair:2        Slime (0/5) Lair:5
    Orc (2/2) D:12            Elf (0/3) Orc:2
 Vaults: D:13-14

Altars:
Ashenzari
Cheibriados
Dithmenos
Elyvilon
Fedhas
Gozag
Hepliaklqana
Kikubaaqudgha
Makhleb
Nemelex Xobeh
Okawaru
Qazlal
Ru
Sif Muna
Trog
Uskayaw
Vehumet
Wu Jian
Xom
Yredelemnul
Zin
The Shining One
Beogh

Shops:
D:9 ?   D:11 *   Orc:1 :

Annotations:
D:13 Totori's ghost, journeyman DrTm
Orc:2 Saint Roka


Innate Abilities, Weirdness & Mutations

You cannot wear boots.
Your serpentine skin is tough. (AC +5)
You have supernaturally acute eyesight. (SInv)
Armour fits poorly on your strangely shaped body.
Your system is resistant to poisons. (rPois)
You cover ground very slowly.
You have a slow metabolism.
You can spit poison.
You can use your snake-like lower body to constrict enemies.


Message History

No previous command to re-do.
No previous command to re-do.
No previous command to re-do.
No previous command to re-do.
No previous command to re-do.
No previous command to re-do.
No previous command to re-do.
No previous command to re-do.
No previous command to re-do.
No previous command to re-do.
No previous command to re-do.
No previous command to re-do.
No previous command to re-do.
No previous command to re-do.
Are you sure you want to abandon this character and quit the game? (Confirm with "yes".)
Okay, then.
Unknown command.
Unknown command.
Unknown command.
Are you sure you want to abandon this character and quit the game? (Confirm with "yes".)

..# #..#o....#..# ##..............
#.# ####))...#.# #..............
.)# #8)..8# #.............. .)##
#.....# ##.............. ...#
#o....#. #...)........... ...#
...)......# #............... ..##
#o.)[.....#####)......##.....
....8.o............8....)...)####..
...........))...b@.......)....#.###
..........._.)....(.....((.....(.##
...................)...###(#....(..
..).8..o. ........)8..#.#####....).
..#####.. ......#####.(..###[##..#.
... .o ...... #....###)#######
....#. #..(.##)#.## # ...o##
###...)###.## .. ##..## ##)##


You could see Saint Roka the caustic shrike and an orc warrior (wandering).

Vanquished Creatures
  A frost giant (IceCv)
  Nessos (Orc:2)
  Harold (Lair:1)
  Erolcha (D:12)
  9 hydras
  A catoblepas (Lair:5)
  The ghost of barbarian the Fighter, a novice MiBe of Trog (D:10)
  A centaur warrior (D:13)
  3 two-headed ogres
  Erica (D:8)
  6 death yaks (Lair:6)
  An orc high priest (Orc:2)
  The ghost of Dargar the Carver, a novice DrGl of Elyvilon (D:8)
  A fire crab (Lair:5)
  An unseen horror (D:13)
  3 orc knights (Orc:2)
  An orange crystal statue (D:10)
  3 lindwurms
  An ugly thing (D:11)
  Pikel (D:4)
  3 orc sorcerers (Orc:2)
  A cyclops (D:11)
  2 elephants (Lair:6)
  10 black mambas
  A guardian serpent (Lair:2)
  3 molten gargoyles (Volcano)
  12 spiny frogs
  2 torpor snails
  3 komodo dragons
  3 rime drakes (Lair:6)
  19 polar bears
  A queen bee (D:11)
  7 trolls
  Grinder (D:6)
  A hornet (D:8)
  3 hippogriffs
  A slime creature (D:11)
  7 dream sheep (Lair:6)
  18 blink frogs
  Sigmund (D:3)
  5 wyverns
  2 steam dragons (D:10)
  35 yaks
  Eustachio (D:6)
  A basilisk (Lair:6)
  3 wargs
  A soldier ant (D:11)
  14 water moccasins
  12 porcupines
  11 ice beasts
  2 sky beasts
  4 slaves (D:4)
  34 orc warriors
  4 phantoms
  2 necrophages (D:10)
  14 ogres
  18 wolves
  7 centaurs
  18 crocodiles
  2 big kobolds
  15 bullfrogs
  A wyvern zombie (D:10)
  3 earth elementals (Volcano)
  4 scorpions
  9 killer bees (D:11)
  7 wights
  3 howler monkeys
  A bullfrog zombie (D:11)
  4 crimson imps
  27 jellies
  16 orc priests
  Crazy Yiuf (D:6)
  7 hounds
  A bullfrog skeleton (D:9)
  A centaur skeleton (D:11)
  Jessica (D:3)
  7 hell rats (Lair:2)
  An iguana (D:5)
  12 worker ants
  40 orc wizards
  A killer bee zombie (D:7)
  2 hound skeletons
  3 mummies (D:10)
  2 worker ant zombies
  10 gnolls
  A howler monkey zombie (D:9)
  12 adders
  17 river rats (Lair:2)
  2 shadow imps
  2 white imps (D:9)
  A worker ant simulacrum (D:9)
  An ufetubus (D:9)
  15 oozes
  2 adder zombies
  5 worms
  A dart slug (D:2)
  5 leopard geckos
  83 orcs
  2 ball pythons (D:2)
  3 giant cockroaches
  6 goblins
  9 hobgoblins
  6 jackals
  12 quokkas
  7 bats
  5 frilled lizards
  19 kobolds
  A leopard gecko skeleton (D:7)
  A quokka zombie (D:5)
  15 rats
  3 fungi
743 creatures vanquished.

Vanquished Creatures (collateral kills)
  A death yak (Lair:6)
1 creature vanquished.

Vanquished Creatures (others)
  A death yak (Lair:6)
  A rime drake (IceCv)
  A polar bear (IceCv)
  A yak (IceCv)
  A wolf (IceCv)
  An orc (Orc:1)
  19 fungi
  8 plants
33 creatures vanquished.

Grand Total: 777 creatures vanquished

Notes
Turn   | Place    | Note
-------+----------+-------------------------------------------
     0 | D:1      | Duffy the Naga Fire Elementalist began the quest for the Orb.
     0 | D:1      | Reached XP level 1. HP: 15/15 MP: 3/3
     0 | D:1      | Noticed a green draconian
     0 | D:1      | Noticed a shadow dragon
     0 | D:1      | Noticed an iron dragon
     3 | D:1      | Noticed a green draconian
     3 | D:1      | Noticed a shadow dragon
     7 | D:1      | Noticed a large abomination
     8 | D:1      | Noticed a shadow dragon
    10 | D:1      | Noticed an ice dragon
    12 | D:1      | Noticed a tentacled monstrosity
    12 | D:1      | Noticed a tentacled monstrosity
    13 | D:1      | Noticed an orb of fire
    14 | D:1      | Noticed a large abomination
    14 | D:1      | Noticed an ice dragon
    16 | D:1      | Noticed an ice dragon
    16 | D:1      | Noticed a tentacled monstrosity
    18 | D:1      | Noticed an iron dragon
    20 | D:1      | Noticed an orb of fire
   445 | D:1      | Reached XP level 2. HP: 22/22 MP: 1/5
  1019 | D:1      | Reached XP level 3. HP: 28/28 MP: 4/6
  1024 | D:1      | Learned a level 3 spell: Conjure Flame
  1827 | D:2      | Reached XP level 4. HP: 31/36 MP: 5/7
  2984 | D:4      | Reached XP level 5. HP: 41/42 MP: 3/9
  3344 | D:3      | Reached skill level 3 in Spellcasting
  3352 | D:3      | Learned a level 4 spell: Sticky Flame
  3434 | D:3      | Noticed Sigmund
  3442 | D:3      | Killed Sigmund
  3442 | D:3      | Reached XP level 6. HP: 49/49 MP: 4/11
  4410 | D:3      | Noticed Jessica
  4415 | D:3      | Killed Jessica
  4590 | D:4      | Reached XP level 7. HP: 55/55 MP: 12/12
  4601 | D:4      | Learned a level 5 spell: Fireball
  4812 | D:4      | Reached skill level 4 in Spellcasting
  4812 | D:4      | Reached skill level 5 in Conjurations
  4820 | D:4      | Reached skill level 5 in Fire Magic
  5041 | D:4      | Found a staircase to the Ecumenical Temple.
  5184 | D:4      | Found the +7 Kryia's mail coat {PotionHeal*2 rC+}
  5325 | D:4      | Noticed Pikel
  5335 | D:4      | Killed Pikel
  5335 | D:4      | Reached XP level 8. HP: 62/73 MP: 7/14
  5537 | D:4      | Reached skill level 5 in Fighting
  5691 | Temple   | Entered the Ecumenical Temple
  5938 | Temple   | Became a worshipper of Vehumet
  6001 | D:4      | Found a sacrificial altar of Ru.
  6260 | D:4      | Found a burning altar of Makhleb.
  6663 | D:5      | Entered Level 5 of the Dungeon
  7190 | D:5      | Reached XP level 9. HP: 85/85 MP: 11/15
  7532 | D:5      | Got a twisted chain mail
  7770 | D:6      | Reached skill level 5 in Spellcasting
  7828 | D:6      | Reached * piety under Vehumet
  7828 | D:6      | Offered knowledge of Freeze by Vehumet.
  8437 | D:6      | Found a runed door.
  8441 | D:6      | Noticed Crazy Yiuf
  8450 | D:6      | Killed Crazy Yiuf
  8678 | D:6      | Noticed Eustachio
  8694 | D:6      | Killed Eustachio
  9038 | D:6      | Noticed Grinder
  9049 | D:6      | Killed Grinder
  9170 | D:6      | You fall through a shaft for 2 floors!
  9277 | D:8      | Reached skill level 6 in Spellcasting
  9746 | D:7      | Reached ** piety under Vehumet
  9746 | D:7      | Offered knowledge of Throw Frost by Vehumet.
  9771 | D:7      | Learned a level 2 spell: Throw Flame
  9952 | D:7      | Reached XP level 10. HP: 92/92 MP: 10/19
 10708 | D:7      | Found a hide-covered altar of Uskayaw.
 10993 | D:8      | Noticed Erica
 11054 | D:8      | Killed Erica
 11054 | D:8      | Reached skill level 7 in Spellcasting
 11149 | D:8      | Noticed Dargar's ghost (novice DrGl)
 11161 | D:8      | Killed Dargar's ghost
 11292 | D:8      | Noticed a two-headed ogre
 11295 | D:8      | Killed a two-headed ogre
 11350 | D:8      | Offered knowledge of Ignite Poison by Vehumet.
 11480 | D:8      | Learned a level 4 spell: Iskenderun's Mystic Blast
 12014 | D:8      | Reached XP level 11. HP: 70/99 MP: 15/22
 12209 | D:9      | Reached skill level 8 in Spellcasting
 12598 | D:9      | Found Oqur's Magic Scroll Boutique.
 12609 | D:9      | Reached *** piety under Vehumet
 12673 | D:9      | Bought a scroll of identify for 28 gold pieces
 12673 | D:9      | Bought a scroll of identify for 28 gold pieces
 12673 | D:9      | Bought a scroll of identify for 28 gold pieces
 12673 | D:9      | Bought a scroll of teleportation for 42 gold pieces
 12816 | D:9      | Got a slimy war axe
 12817 | D:9      | Identified the +3 war axe "Mulimi" {distort, +Fly rF+ Int+4 Dex-5} (You found it on level 9 of the Dungeon)
 13176 | D:9      | Offered knowledge of Static Discharge by Vehumet.
 13315 | D:9      | Reached skill level 11 in Spellcasting
 13315 | D:9      | Reached XP level 12. HP: 106/106 MP: 23/27
 13384 | D:9      | Noticed a two-headed ogre
 13388 | D:9      | Killed a two-headed ogre
 14210 | D:10     | Entered Level 10 of the Dungeon
 14410 | D:10     | Reached **** piety under Vehumet
 14500 | D:10     | Noticed barbarian's ghost (novice MiBe)
 14581 | D:10     | Offered knowledge of Lightning Bolt by Vehumet.
 14845 | D:10     | You fall through a shaft for 3 floors!
 15030 | D:13     | Noticed Totori's ghost (journeyman DrTm)
 15194 | D:12     | Noticed Erolcha
 15614 | D:13     | Noticed a centaur warrior
 15617 | D:13     | Killed a centaur warrior
 15777 | D:12     | Killed Erolcha
 16227 | D:12     | Noticed a two-headed ogre
 16235 | D:12     | Killed a two-headed ogre
 16235 | D:12     | Reached skill level 5 in Dodging
 16401 | D:12     | Got a crude scale mail
 16571 | D:12     | Got an iridescent hunting sling
 16843 | D:11     | Gained mutation: You can use your snake-like lower body to constrict enemies. [Naga growth]
 16843 | D:11     | Reached XP level 13. HP: 111/121 MP: 14/28
 17331 | D:12     | Reached ***** piety under Vehumet
 17565 | D:12     | Found a staircase to the Orcish Mines.
 17613 | D:11     | Offered knowledge of Conjure Ball Lightning by Vehumet.
 18048 | D:10     | Killed barbarian's ghost
 18317 | D:10     | Reached skill level 10 in Fighting
 18903 | D:10     | Found a shadowy altar of Dithmenos.
 19039 | D:10     | Found a staircase to the Lair.
 19184 | Lair:1   | Entered Level 1 of the Lair of Beasts
 19190 | Lair:1   | Got a wavering amethyst amulet
 19192 | Lair:1   | Identified the amulet "Juf Piwi" {Spirit +Fly Dex+2} (You found it on level 1 of the Lair of Beasts)
 19337 | Lair:1   | Identified the +2 hunting sling of Ru's Righteous Fury {flame, Dex+4} (You found it on level 12 of the Dungeon)
 19381 | Lair:1   | Identified the +2 chain mail of Ufut {Str+6} (You found it on level 5 of the Dungeon)
 19391 | Lair:1   | Identified the +2 scale mail of the Game Afoot {*Corrode rPois MR+ SInv} (You found it on level 12 of the Dungeon)
 19488 | Lair:1   | Got a twisted halberd
 19489 | Lair:1   | Identified the +7 halberd of Responsibility {protect, +Rage} (You found it on level 1 of the Lair of Beasts)
 19808 | Lair:1   | Noticed Harold
 19813 | Lair:1   | Killed Harold
 20281 | Lair:1   | Learned a level 1 spell: Summon Butterflies
 20283 | Lair:1   | Learned a level 1 spell: Apportation
 20366 | Lair:2   | Found a staircase to the Snake Pit.
 20386 | Lair:2   | Reached skill level 1 in Translocations
 20389 | Lair:2   | Reached skill level 1 in Summonings
 20989 | Lair:2   | Reached skill level 1 in Shields
 21175 | Lair:2   | Found a staircase to the Shoals.
 23132 | Lair:3   | Identified 2 scrolls of acquirement
 23569 | Lair:3   | Reached skill level 5 in Shields
 24186 | Lair:4   | Found a frozen archway.
 24188 | Lair:4   | Reached XP level 14. HP: 132/132 MP: 14/29
 24239 | IceCv    | Entered an ice cave
 24351 | IceCv    | Got a twisted great sword
 24810 | IceCv    | Reached skill level 1 in Evocations
 25700 | IceCv    | Noticed a frost giant
 25727 | IceCv    | Killed a frost giant
 25951 | IceCv    | Found the macabre finger necklace {rN+}
 25958 | IceCv    | Got a scintillating glass ring
 25987 | IceCv    | Identified the ring "Poulu" {Ice Slay+3} (You found it in an ice cave)
 26542 | Lair:4   | Offered knowledge of Spellforged Servitor by Vehumet.
 26749 | Lair:4   | Found the +8 whip "Snakebite" {curare, rPois}
 27552 | Lair:5   | Reached skill level 5 in Evocations
 27654 | Lair:5   | Found a dark tunnel.
 27665 | Volcano  | Entered a volcano
 28673 | Lair:5   | Found a staircase to the Slime Pits.
 29666 | Lair:6   | Entered Level 6 of the Lair of Beasts
 29667 | Lair:6   | Upgraded the game from 0.22-a0-374-g5dfd9e3 to 0.22-a0-377-g846bec1
 30755 | Lair:6   | Reached XP level 15. HP: 138/138 MP: 3/30
 32626 | Lair:6   | Identified the Grimoire of the Toxic Escort
 32949 | D:11     | Found Lutsoraf's Assorted Antiques.
 32957 | D:11     | Bought a lumpy emerald potion for 21 gold pieces
 32976 | D:11     | Reached skill level 10 in Fire Magic
 32984 | D:11     | Reached skill level 10 in Conjurations
 33695 | Orc:1    | Entered Level 1 of the Orcish Mines
 33702 | Orc:1    | Found Luclufy's Book Shop.
 34190 | Orc:1    | Offered knowledge of Poison Arrow by Vehumet.
 34260 | Orc:1    | Learned a level 6 spell: Poison Arrow
 34589 | Orc:2    | Entered Level 2 of the Orcish Mines
 34589 | Orc:2    | Found a staircase to the Elven Halls.
 34594 | Orc:2    | Reached skill level 12 in Spellcasting
 34594 | Orc:2    | Reached skill level 1 in Poison Magic
 36031 | Orc:2    | Noticed Nessos
 36036 | Orc:2    | Killed Nessos
 36438 | Orc:2    | Found a roughly hewn altar of Beogh.
 36446 | Orc:2    | Noticed Saint Roka
 37096 | Orc:2    | Found a roughly hewn altar of Beogh.
 37162 | Orc:2    | Noticed Saint Roka
 37162 | Orc:2    | Saint Roka changed into Saint Roka the caustic shrike
 37167 | Orc:2    | HP: 5/138 [acid (9)]
 37168 | Orc:2    | Quit the game

Vault maps used:
D:1:      shiori_arrival_whats_in_store_for_you
D:2:      minmay_stone_trees_small
D:3:      minivault_23, uniq_sigmund, uniq_jessica
D:4:      lemuel_round_altar, minmay_temple_entry_statues_fountains,
          first_ration, nicolae_ru_awakened_eye, uniq_pikel
D:6:      uniq_grinder, uniq_eustachio, uniq_crazy_yiuf_cottage
D:7:      lemuel_altar_in_water2
D:8:      grunt_pizzeria, uniq_erica
D:9:      serial_ice, serial_ice_a, serial_ice_i, serial_ice_b, serial_ice_h,
          serial_ice_d, serial_shops, nicolae_shop_window_shopping
D:10:     minmay_separated_statues, erik_lair_dragon, serial_undead,
          serial_undead_b, serial_undead_b, serial_undead_f, serial_undead_f,
          nicolae_dithmenos_through_a_glass_darkly
D:11:     lemuel_slime, serial_shops, shop_fountains, columned_hall_lemuel,
          nicolae_looking_at_the_future
D:12:     david_orc_4, serial_co_window_serial, co_window_paths_b,
          co_window_paths_a, co_window_paths_a, co_window_cross_1,
          co_window_paths_a, co_window_corner_cb, co_window_broadway_a,
          co_window_2corner, co_window_of_opportunity_c,
          co_window_unsneaky_path_e, co_window_4corner_b, co_window_paths_e,
          glass_columns_b, uniq_erolcha
D:13:     kennysheep_windowed_goal
Temple:   minmay_crystal_snake_temple
Lair:1:   nicolae_quartered_pool_little, patterned_corridor,
          lemuel_fruit_fields, uniq_harold
Lair:2:   lemuel_ratsnest, elwin_shoals_entry_rocks,
          minmay_snake_entry_spellcaster, lemuel_fruit_tree
Lair:3:   guppyfry_lair_drakes
Lair:4:   minmay_guarded_unrand_snakebite, portal_ice_cave_entry_ice_beasts,
          grunt_megastairs_3
Lair:5:   minmay_slime_entry_jelly_boxes, nicolae_volcano_entry_lava_flow,
          lemuel_fruit_fields, infiniplex_staircase_pool_2
Lair:6:   hangedman_lair_in_review
Orc:1:    serial_shops, nicolae_shop_competitors_out_of_business,
          nicolae_orc_damp_corner
Orc:2:    grunt_orc_cross, nicolae_orc_lost_temple, uniq_nessos
IceCv:    ice_cave_caverns_03
Volcano:  volcano_aerie

Skill      XL: |  1  2  3  4  5  6  7  8  9 10 11 12 13 14 15 |
---------------+----------------------------------------------+-----
Conjurations   | 2 3 4 5 7 9 10 | 10.1
Spellcasting   | 3 4 6 7 11 12 | 12.3
Fire Magic     | 4 5 7 9 10 | 10.1
Fighting       | 4 6 9 10 | 10.0
Dodging        | 5 7 8 9 |  9.2
Translocations | 3 |  3.0
Summonings     | 3 |  3.0
Shields        | 5 9 |  9.0
Evocations     | 6 |  6.0
Poison Magic   | 4 |  4.8
Stealth        | |  3.0

Action                   |  1- 3 |  4- 6 |  7- 9 | 10-12 | 13-15 || total
-------------------------+-------+-------+-------+-------+-------++-------
Melee: Dagger            |     3 |     4 |   103 |       |       ||   110
       Scythe            |       |       |    25 |     8 |       ||    33
       Staff             |       |       |       |    15 |   239 ||   254
       Whip              |       |       |       |    47 |     6 ||    53
       Constrict         |       |       |       |       |    63 ||    63
 Cast: Flame Tongue      |    47 |    90 |   201 |   281 |   120 ||   739
       Sticky Flame      |       |     1 |    21 |    29 |    75 ||   126
       Conjure Flame     |       |       |    14 |    15 |    33 ||    62
       Fireball          |       |       |     1 |    46 |   303 ||   350
       Throw Flame       |       |       |       |    48 |   144 ||   192
       Iskenderun's Myst |       |       |       |     9 |   136 ||   145
       Poison Arrow      |       |       |       |       |    24 ||    24
 Abil: Spit Poison       |     5 |    10 |     4 |       |       ||    19
Evoke: Wand              |       |       |       |       |    20 ||    20
  Use: Scroll            |       |     1 |    14 |    13 |    16 ||    44
       Potion            |       |       |       |     1 |     1 ||     2
 Stab: Sleeping          |     2 |       |       |       |     1 ||     3
  Eat: Chunk             |     3 |     8 |    11 |    21 |   115 ||   158
       Ration            |       |       |     2 |     2 |     1 ||     5
Armor: Robe              |     6 |     8 |    69 |    72 |   175 ||   330
Dodge: Dodged            |    14 |    28 |   107 |   108 |   226 ||   483
Block: Other             |       |       |       |     3 |     2 ||     5
       Shield            |       |       |       |       |   262 ||   262

Table legend:
 A = Spawn XP
 B = Non-spawn XP
 C = Spawn XP percentage of total XP
 D = Spawn monster count
 E = Non-spawn monster count
 F = Spawn count percentage of total count
 G = Total turns spent on level
                    A         B        C        D         E        F      G
               +---------+---------+-------+---------+---------+-------+---------
         Total |       0 |  104685 |   0.0 |       0 |     738 |   0.0 | 37168
               +---------+---------+-------+---------+---------+-------+---------
           D:1 |       0 |      38 |   0.0 |       0 |      20 |   0.0 |  1423
           D:2 |       0 |      90 |   0.0 |       0 |      22 |   0.0 |  1168
           D:3 |       0 |     441 |   0.0 |       0 |      30 |   0.0 |  1622
           D:4 |       0 |    1336 |   0.0 |       0 |      30 |   0.0 |  2176
           D:5 |       0 |     646 |   0.0 |       0 |      18 |   0.0 |  1026
           D:6 |       0 |    1489 |   0.0 |       0 |      19 |   0.0 |  1553
           D:7 |       0 |    1107 |   0.0 |       0 |      29 |   0.0 |  1138
           D:8 |       0 |    4311 |   0.0 |       0 |      38 |   0.0 |  2210
           D:9 |       0 |    3518 |   0.0 |       0 |      49 |   0.0 |  2081
          D:10 |       0 |    4031 |   0.0 |       0 |      29 |   0.0 |  1693
          D:11 |       0 |    6534 |   0.0 |       0 |      63 |   0.0 |   992
          D:12 |       0 |    3828 |   0.0 |       0 |      27 |   0.0 |  2769
          D:13 |       0 |    2035 |   0.0 |       0 |       8 |   0.0 |   191
        Lair:1 |       0 |    4314 |   0.0 |       0 |      17 |   0.0 |  1372
        Lair:2 |       0 |    6899 |   0.0 |       0 |      65 |   0.0 |  2206
        Lair:3 |       0 |    5685 |   0.0 |       0 |      21 |   0.0 |  1436
        Lair:4 |       0 |    6053 |   0.0 |       0 |      29 |   0.0 |  1466
        Lair:5 |       0 |    6534 |   0.0 |       0 |      30 |   0.0 |  1651
        Lair:6 |       0 |   20415 |   0.0 |       0 |      50 |   0.0 |  2850
         Orc:1 |       0 |    1797 |   0.0 |       0 |      35 |   0.0 |   780
         Orc:2 |       0 |    9701 |   0.0 |       0 |      57 |   0.0 |  2448
         IceCv |       0 |   11043 |   0.0 |       0 |      44 |   0.0 |  1923
       Volcano |       0 |    2840 |   0.0 |       0 |       8 |   0.0 |   716
               +---------+---------+-------+---------+---------+-------+---------
